 Dungeon Crawl Stone Soup version 0.22.0 (webtiles) character file.

93 Matezma the Chopper (level 4, -2/39 HPs)
             Began as a Minotaur Berserker on Oct 31, 2018.
             Was a Believer of Trog.
             Succumbed to kobold's curare-tipped needle
             ... on level 2 of the Dungeon.
             The game lasted 00:06:11 (1940 turns).

Matezma the Chopper (Minotaur Berserker)            Turns: 1940, Time: 00:06:11

Health: -2/39      AC:  9    Str: 22    XL:     4   Next: 36%
Magic:  3/3        EV: 10    Int:  4    God:    Trog [**....]
Gold:   115        SH:  0    Dex: 10    Spells: 3/3 levels left

rFire    . . .     SeeInvis .   a - +0 hand axe
rCold    . . .     Gourm    .   (no shield)
rNeg     . . .     Faith    .   q - +0 scale mail
rPois    .         Spirit   .   (helmet restricted)
rElec    .         Reflect  .   d - +2 cloak {+Inv}
rCorr    .         Harm     .   (no gloves)
MR       .....                  (no boots)
Stlth    ..........             (no amulet)
HPRegen  0.13/turn              (no ring)
MPRegen  0.08/turn              (no ring)

@: lethally poisoned (-2 -> -20), slowed, very slow
A: retaliatory headbutt, horns 2
a: Berserk, Trog's Hand, Renounce Religion, Evoke Invisibility


You were on level 2 of the Dungeon.
You worshipped Trog.
Trog was pleased with you.
You were very hungry.

You visited 1 branch of the dungeon, and saw 3 of its levels.

You collected 115 gold pieces.

Inventory:

Hand Weapons
 a - a +0 hand axe (weapon)
Armour
 b - a +0 animal skin
 d - a +2 cloak of invisibility (worn)
 q - a +0 scale mail (worn)
Jewellery
 n - a +2 ring of slaying {unknown}
 p - an uncursed amulet of regeneration {unknown}
Scrolls
 g - 2 scrolls of teleportation
 i - a scroll of fog
 o - a scroll of amnesia {unknown}
 r - a scroll of fear {unknown}
Potions
 f - a potion of berserk rage {unknown}
 h - a potion of ambrosia {unknown}
 j - 2 potions of invisibility {unknown}
 l - 5 potions of curing {unknown}
 m - a potion of flight {unknown}
Comestibles
 c - 8 rations


   Skills:
 - Level 3.6 Fighting
 * Level 6.3 Axes
 - Level 2.4 Armour
 - Level 2.1 Dodging


You had 3 spell levels left.
You didn't know any spells.
Your spell library was empty.

Dungeon Overview and Level Annotations

Branches:
Dungeon (3/15)

Altars:
Cheibriados
Nemelex Xobeh


Innate Abilities, Weirdness & Mutations

You reflexively headbutt those who attack you in melee.
You have a pair of horns on your head.


Message History

The curare-tipped needle hits you.
You are lethally poisoned!
You have difficulty breathing.
You feel as though you will be slow longer.
The kobold shoots a curare-tipped needle.
The curare-tipped needle hits you.
You are more poisoned.
You have difficulty breathing.
* * * LOW HITPOINT WARNING * * *
You feel as though you will be slow longer.
You see here 3 curare-tipped needles.
* * * LOW HITPOINT WARNING * * *
You feel very sick.
* * * LOW HITPOINT WARNING * * *
You feel very sick.
There is a stone staircase leading up here.
* * * LOW HITPOINT WARNING * * *
You feel very sick.
You climb upwards.
You die...

###>###.# ######.# #.#.# #
#.....#.# #.# #.#.# #
#.#.#.(.# ###.###.#.# #
#>รท#...## #.....#.#.# #
#.#.#..# #.#.#.#.#.# ##
#......## #.#.#.#.#.#######.
###.....####
#.#.#.#........#..
#.#......###.....#..#.###....
#.....##....@.........# #.#..
#..#.##########(##.(#.###.##.
#..#.# #.##..#.....### #.(#.#
#.##..####### # #..#.######
##.##..#
#..#.##.(.####.((#..#
#..#.##....).(......#
##..#.##._..###...#.##
#...#......## ##.##.#


There were no monsters in sight!

Vanquished Creatures
  Crazy Yiuf (D:2)
  An adder (D:2)
  An ooze (D:1)
  A worm (D:2)
  2 dart slugs (D:1)
  3 ball pythons (D:1)
  2 giant cockroaches
  3 goblins
  3 hobgoblins
  3 jackals (D:1)
  6 bats
  3 frilled lizards
  9 kobolds
  5 rats
43 creatures vanquished.

Notes
Turn   | Place    | Note
-------+----------+-------------------------------------------
     0 | D:1      | Matezma the Minotaur Berserker began the quest for the Orb.
     0 | D:1      | Reached XP level 1. HP: 19/19 MP: 0/0
    50 | D:1      | Reached skill level 4 in Axes
    75 | D:1      | Reached XP level 2. HP: 22/26 MP: 1/1
   316 | D:1      | Reached skill level 5 in Axes
   414 | D:1      | Reached XP level 3. HP: 31/31 MP: 2/2
   851 | D:2      | Reached ** piety under Trog
  1130 | D:2      | Found a runed door.
  1263 | D:2      | Found a snail-covered altar of Cheibriados.
  1486 | D:2      | Found a sparkling altar of Nemelex Xobeh.
  1581 | D:2      | Noticed Crazy Yiuf
  1585 | D:2      | Killed Crazy Yiuf
  1585 | D:2      | Reached skill level 6 in Axes
  1585 | D:2      | Reached XP level 4. HP: 27/39 MP: 3/3
  1939 | D:3      | HP: 1/39 [poisoned by kobold (curare-tipped needle)]
  1940 | D:2      | Succumbed to kobold's curare-tipped needle

Skill      XL: |  1  2  3 |
---------------+----------+-----
Axes           | 4 5 6 |  6.3
Fighting       | |  3.6
Armour         | |  2.4
Dodging        | |  2.1

Action                   |  1- 3 |  4- 6 || total
-------------------------+-------+-------++-------
Melee: Hand axe          |    79 |       ||    79
       Headbutt          |    12 |       ||    12
  Use: Scroll            |       |     4 ||     4
  Eat: Chunk             |     2 |       ||     2
Armor: Animal skin       |    17 |       ||    17
       Scale mail        |     1 |       ||     1
Dodge: Dodged            |    60 |     1 ||    61
